 Dungeon Crawl Stone Soup version 0.32-a0-673-g3729bd50f8 (webtiles) character file.

Game seed: 12545938988617585282

1922 ezpacito the Trooper (level 9, -9/68 HPs)
             Began as a Coglin Chaos Knight on Mar 11, 2024.
             Was a Plaything of Xom.
             Mangled by a wyvern (15 damage)
             ... on level 7 of the Dungeon.
             The game lasted 00:09:36 (5135 turns).

ezpacito the Trooper (Coglin Chaos Knight)          Turns: 5135, Time: 00:09:37

Health: -9/68      AC: 15    Str: 17    XL:     9   Next: 17%
Magic:  12/12      EV:  9    Int: 11    God:    Xom [.....*]
Gold:   221        SH:  0    Dex: 14    Spells: 5/12 levels left

rFire   + . .        a - +0 hand axe (chaos) {Gabriela}
rCold   . . .        y - +0 trident {Yongsun}
rNeg    . . .        E - +0 chain mail {rF+}
rPois   +            w - +1 helmet
rElec   .            j - +0 cloak
rCorr   .            p - +1 pair of gloves
SInv    .            (no boots)
Will    .....        (amulet unavailable) Stlth
                     (ring unavailable)
HPRegen 0.31/turn    (ring unavailable)
MPRegen 0.13/turn    (no gizmo)

%: random rage (9%)
@: revved
A: off-hand wielding, slow wielding, warmup strikes, no jewellery, berserk 2,
poison resistance, wild magic 1
a: Invent Gizmo, Renounce Religion


You were on level 7 of the Dungeon.
You worshipped Xom.
You were Xom's teddy bear.
You visited 1 branch of the dungeon, and saw 7 of its levels.

You collected 221 gold pieces.

Inventory:

Hand Weapons
 a - a +0 hand axe of chaos (weapon) {Gabriela}
 e - a +1 war axe
 y - a +0 trident (offhand) {Yongsun}
 C - a +2 whip of freezing
 D - a +0 hand axe of flaming
Missiles
 r - 8 poisoned darts
 A - 2 throwing nets (quivered)
 F - a curare-tipped dart
Armour
 b - a +0 plate armour
 j - a +0 cloak (worn)
 p - a +1 pair of gloves (worn)
 w - a +1 helmet (worn)
 E - a +0 chain mail of fire resistance (worn)
Magical Staves
 h - a staff of fire
Wands
 u - a wand of light (5)
 I - a wand of charming (7)
Scrolls
 d - a scroll of summoning {unknown}
 n - 2 scrolls of poison
 s - a scroll of torment
 t - 3 scrolls of teleportation
 B - a scroll of blinking
 G - a scroll of fear {unknown}
 H - a scroll of fog
Potions
 c - a potion of lignification {unknown}
 g - a potion of cancellation
 l - a potion of heal wounds
 m - a potion of haste {unknown}
 q - 2 potions of curing
 v - a potion of attraction
 x - a potion of enlightenment {unknown}


   Skills:
 * Level 5.6 Fighting
 * Level 5.6(6.0) Axes
 + Level 2.7(4.2) Polearms
 * Level 4.4 Armour
 * Level 4.2 Dodging
 + Level 2.6 Stealth
 + Level 2.3 Spellcasting
 + Level 2.3 Alchemy
 + Level 3.6 Evocations


You had 5 spell levels left.
You knew the following spells:

 Your Spells              Type           Power      Damage    Failure   Level
a - Jinxbite              Hex            2%         N/A       99%         2
b - Alistair's Intoxicat  Alch           5%         N/A       100%        5

Your spell library contained the following spells:

 Spells                   Type           Power      Damage    Failure   Level
 Apportation              Tloc           2%         N/A       97%         1


Dungeon Overview and Level Annotations

Branches:
Dungeon (7/15)             Temple (0/1) D:4

Altars:
Okawaru
Sif Muna
Wu Jian

Shops:
D:1 (   D:6 [


Innate Abilities, Weirdness & Mutations

You can wield a second weapon in your off-hand.
It takes a long time for you to wield or remove held weapons.
Your first few attacks do less damage.
You cannot equip rings or amulets.
You have an uncontrollable temper.
Your system is resistant to poisons. (rPois)
Your spells are a little harder to cast, but a little more powerful.


Message History

The wyvern bites you but does no damage.
You completely miss the wyvern with your +0 trident.
The wyvern is heavily wounded.
You hit the wyvern with your +0 hand axe of chaos.
The wyvern suddenly seems more resistant.
You closely miss the water moccasin with your +0 hand axe of chaos.
The water moccasin bites you.
The wyvern bites you but does no damage.
The water moccasin bites you but does no damage.
The wyvern bites you but does no damage.
You hit the water moccasin with your +0 trident.
The water moccasin is moderately wounded.
You hit the water moccasin with your +0 hand axe of chaos.
You feel better.
You hit the wyvern with your +0 hand axe of chaos.
The wyvern bites you but does no damage.
The water moccasin bites you but does no damage.
You hit the water moccasin but do no damage.
The water moccasin is moderately wounded.
You hit the water moccasin but do no damage.
The water moccasin seems to slow down.
You hit the wyvern but do no damage. The wyvern bites you!
The water moccasin bites you. The wyvern bites you!
You take 24 damage, and have 24/68 hp.
MASSIVE DAMAGE!!
You hit the water moccasin with your +0 hand axe of chaos.
You drain the water moccasin.
The water moccasin is heavily wounded.
You hit the wyvern but do no damage.
The wyvern flies into a frenzy!
You barely miss the water moccasin with your +0 trident.
The wyvern closely misses you.
The water moccasin bites you but does no damage.
The wyvern closely misses you.
You hit the water moccasin but do no damage.
Lightning courses through the water moccasin!
The water moccasin is almost dead.
You closely miss the wyvern with your +0 hand axe of chaos.
You hit the water moccasin with your +0 trident.
The wyvern bites you!!
* * * LOW HITPOINT WARNING * * *
The wyvern bites you!
You die...

****,**,,,,........###....,,,,,,,
,,,,,**,,,,........###....,,,,,,,
,,,,,,,,,,*........###....,,,,,,,
,,,,,,,,,,,...............,,,,,,,
,,,,,,,,,**.........###...,,,,,,,
*****+*****.........###...,,,,,,,
** *,* *#####+#.........*,,,,,
,****,***#######...#.#.#.#.*,,,,,
,,,,,,,,,......k@S.........,,,,,,
***,*,,,,.....#....#.#.#.#.*,,,,,
,,,,,,,,,..#.,#.##.........*,,,,,
**,,,,,***,*,,#.*..#.#.#.#.*,,,,,
,*,,,,,,,,,*,,..*..........,*+***
,*,,,,,,*,,,,...,..#.#.#.#,,,,,,,
,*,,,,,,*,**....,,.......,,+,,,,,
,,,,,,,,,,,,....,,,,....,*,*,,,,,
*********,*,*,*,,*******,*,*,,,,,


You could see a water moccasin (slow, drained) and a neutral wyvern (fast,
strong, frenzied, resistant).

Vanquished Creatures
  A wolf spider (D:4)
  A blink frog (D:4)
  An orc warrior (D:5)
  A sky beast (D:6)
  2 ice beasts
  A phantom (D:5)
  A kobold brigand (D:6)
  A bullfrog (D:6)
  2 scorpions (D:5)
  A jelly (D:5)
  A bombardier beetle (D:5)
  A hound (D:6)
  3 orc priests
  A gnoll bouda (D:5)
  3 iguanas
  Natasha (twice) (D:4)
  Terence (D:3)
  A sleepcap (D:4)
  Robin (D:4)
  8 gnolls
  An adder (D:5)
  A river rat (D:4)
  2 white imps (D:6)
  A dart slug (D:4)
  13 orcs
  3 ball pythons
  5 endoplasms
  5 giant cockroaches
  11 goblins
  12 hobgoblins
  2 jackals (D:1)
  3 quokkas
  5 bats
  2 frilled lizards (D:3)
  13 kobolds
  3 rats
116 creatures vanquished.

Vanquished Creatures (collateral kills)
  An orc (D:3)
1 creature vanquished.

Vanquished Creatures (others)
  An orc wizard (D:4)
1 creature vanquished.

Grand Total: 118 creatures vanquished

Notes
Turn   | Place    | Note
-------+----------+-------------------------------------------
     0 | D:1      | ezpacito the Coglin Chaos Knight began the quest for the
                  | Orb.
     0 | D:1      | Reached XP level 1. HP: 18/18 MP: 1/1
    21 | D:1      | Reached skill level 1 in Dodging
   123 | D:1      | XOM: silly message
   142 | D:1      | Found Daskoumu's Weapon Shop.
   189 | D:1      | Reached XP level 2. HP: 24/24 MP: 2/2
   567 | D:1      | XOM: divination: detect items
   756 | D:2      | Reached XP level 3. HP: 24/29 MP: 3/3
   798 | D:2      | XOM: divination: detect items
   937 | D:2      | XOM is BORED!
  1155 | D:2      | XOM: scenery: 1 doors open, 1 doors close
  1520 | D:3      | XOM: cast spell 'Summon Hydra'
  1738 | D:3      | Noticed Terence
  1741 | D:3      | Killed Terence
  1742 | D:3      | Reached XP level 4. HP: 35/35 MP: 4/4
  1864 | D:4      | XOM: potion effect (berserk rage)
  1928 | D:4      | Noticed Robin
  1945 | D:4      | Reached skill level 1 in Evocations
  1951 | D:4      | Reached XP level 5. HP: 33/41 MP: 6/6
  1955 | D:4      | Reached skill level 1 in Polearms
  1962 | D:4      | Killed Robin
  2081 | D:4      | Reached skill level 1 in Spellcasting
  2143 | D:4      | Noticed a black bear
  2152 | D:4      | a black bear changed into a blink frog
  2152 | D:4      | Noticed a blink frog
  2156 | D:4      | Killed a blink frog
  2157 | D:4      | Reached skill level 1 in Stealth
  2157 | D:4      | Reached XP level 6. HP: 19/48 MP: 7/7
  2281 | D:4      | Learned a level 2 spell: Jinxbite
  2287 | D:4      | Learned a level 5 spell: Alistair's Intoxication
  2298 | D:4      | XOM: enchant monster (bad)
  2575 | D:4      | Found an ornate altar of the Wu Jian Council.
  2576 | D:4      | XOM: enchant monster (bad)
  2649 | D:4      | Found a staircase to the Ecumenical Temple.
  2662 | D:4      | Found an iron altar of Okawaru.
  2740 | D:4      | Noticed Natasha
  2747 | D:4      | Killed Natasha
  2760 | D:4      | XOM: summons 3 hostile shadow creatures
  2881 | D:4      | Noticed Natasha
  2889 | D:4      | Natasha changed into Natasha the wolf spider
  2889 | D:4      | Noticed Natasha
  2889 | D:4      | XOM: polymorph Natasha -> Natasha the wolf spider
  2901 | D:4      | Killed Natasha the wolf spider
  2902 | D:4      | Reached skill level 1 in Alchemy
  2902 | D:4      | Reached XP level 7. HP: 55/55 MP: 9/9
  2974 | D:4      | Noticed Natasha
  2984 | D:4      | Killed Natasha
  2985 | D:4      | Reached XP level 8. HP: 61/61 MP: 10/10
  2990 | D:5      | Entered Level 5 of the Dungeon
  3000 | D:5      | XOM: give mutations
  3000 | D:5      | Gained mutation: You sometimes lose your temper in combat.
                  | [Xom's mischief]
  3000 | D:5      | Gained mutation: Your spells are a little harder to cast,
                  | but a little more powerful. [Xom's mischief]
  3000 | D:5      | Gained mutation: Your system is resistant to poisons.
                  | (rPois) [Xom's mischief]
  3000 | D:5      | Gained mutation: You have an uncontrollable temper. [Xom's
                  | mischief]
  3052 | D:5      | XOM: fog
  3327 | D:5      | XOM: torment (32/61 hp)
  3333 | D:5      | XOM: 5-stop teleportation journey
  3341 | D:5      | Reached skill level 5 in Fighting
  3508 | D:5      | XOM: 2-stop teleportation journey
  3684 | D:5      | Reached skill level 5 in Axes
  3737 | D:5      | XOM: scenery: summon butterflies
  3757 | D:5      | XOM: scenery: summon butterflies
  3823 | D:5      | XOM: cloud trail
  3866 | D:5      | XOM: noise
  4086 | D:6      | Found a shimmering blue altar of Sif Muna.
  4140 | D:5      | XOM: noise
  4232 | D:5      | XOM: smoke on damage
  4487 | D:6      | Found Midappu's Antique Armour Emporium.
  4545 | D:6      | XOM: silly message
  4689 | D:6      | XOM: divination: detect items
  4717 | D:6      | Reached XP level 9. HP: 68/68 MP: 12/12
  4956 | D:6      | XOM: 5-stop teleportation journey
  5135 | D:7      | Mangled by a wyvern

Illustrated notes

Levels and vault maps discovered:
D:1:      sevenhm_arrival_forest_fort_large_4, layout_loops_ring, serial_shops,
          nicolae_shop_pleasant_corner_grove, serial_bayou_ford_a
D:2:      layout_basic, st_stairs_1, minivault_23
D:3:      layout_basic, kennysheep_generic_room_10, uniq_terence
D:4:      layout_basic, general_overflow_altar, nzn_wu_jian_contemplation,
          minmay_temple_entry_enclosed_plants, uniq_natasha, uniq_robin
D:5:      wad_crossroads, layout_basic
D:6:      layout_loops_cross, mainiacjoe_overflow_cross_hatched, serial_shops,
          shop_fountains
D:7:      layout_basic, cheibrodos_ashenzari_chains,
          gammafunk_temple_overflow_elements, serial_glass, glass_columns_c,
          glass_columns_b, enter_ossuary_2

Skill      XL: |  1  2  3  4  5  6  7  8 |
---------------+-------------------------+-----
Dodging        | 1 2 3 4 |  4.2
Armour         | 2 3 4 |  4.4
Evocations     | 1 2 3 |  3.6
Polearms       | 1 2 |  2.7
Spellcasting   | 1 2 |  2.3
Fighting       | 4 5 |  5.6
Axes           | 4 5 |  5.6
Stealth        | 1 2 |  2.6
Alchemy        | 1 2 |  2.3

Action                     |  1- 3 |  4- 6 |  7- 9 || total
---------------------------+-------+-------+-------++-------
  Melee: Hand axe          |    62 |    98 |    99 ||   259
         Dagger            |     5 |       |       ||     5
         Spear             |    75 |    65 |       ||   140
         Trident           |       |    47 |   106 ||   153
  Evoke: Wand              |       |     1 |       ||     1
    Use: Potion            |       |     2 |       ||     2
         Scroll            |       |     1 |    11 ||    12
   Stab: Sleeping          |     2 |       |       ||     2
         Paralysed         |     1 |       |       ||     1
         Confused          |       |       |     2 ||     2
 Armour: Leather armour    |    36 |    71 |     8 ||   115
         Chain mail        |       |       |    97 ||    97
  Dodge: Dodged            |    27 |    77 |    56 ||   160

Table legend: (Time is in decaauts)
 A = Elapsed time spent in this place.
 B = Non-inter-level travel time spent in this place.
 C = Inter-level travel time spent in this place.
 D = Time resting spent in this place.
 E = Time spent auto-exploring this place.
 F = Levels seen in this place.
 G = Mean time per level.
                   A        B        C        D        E       F      G
               +--------+--------+--------+--------+--------+-----+--------+
         Total |   5258 |   5027 |    231 |    319 |   3815 |   7 |  751.1 |
       Dungeon |   5258 |   5027 |    231 |    319 |   3815 |   7 |  751.1 |
               +--------+--------+--------+--------+--------+-----+--------+

Top non-repeatable levels by time:
     D:5: 1344 daAuts
     D:4: 1185 daAuts
     D:6: 794 daAuts
     D:1: 768 daAuts
     D:2: 648 daAuts
     D:3: 430 daAuts
     D:7: 87 daAuts
